 Dungeon Crawl Stone Soup version 0.30-a0-778-g2ef04afb54 (webtiles) character file.

Game seed: 11191982126588415231

9959 browni3141 the Thaumaturge (level 11, -5/79 HPs)
             Began as a Djinni Delver on Feb 15, 2023.
             Was an Initiate of Gozag.
             Slain by a black mamba (13 damage)
             ... on level 1 of the Lair of Beasts.
             The game lasted 00:35:57 (13656 turns).

browni3141 the Thaumaturge (Djinni Delver)         Turns: 13656, Time: 00:35:58

Health: -5/79      AC:  7    Str: 11    XL:     11   Next: 84%
Gold:   1727       EV: 14    Int: 18    God:    Gozag SH:  0 Dex: 21

rFire   + + .      SeeInvis .    V - +7 triple sword of Durchualu {drain, rCorr Int-3 Dex+5}
rCold   x . .      Faith    .    (shield currently unavailable)
rNeg    . . .      Spirit   .    U - +3 leather armour {rPois}
rPois   ∞          Reflect  .    (no helmet)
rElec   .          Harm     .    (no cloak)
rCorr   +          Rampage  .    r - +0 pair of gloves
Will    +....                    (boots unavailable)
Stlth   +++                      (no amulet)
HPRegen 0.33/turn                x - +6 ring of intelligence
MPRegen 0.00/turn                z - ring of resist corrosion

@: marked, flying
A: sickness immunity, fire resistance 2, cold vulnerability 1, float, innate
caster, HP casting, extra vitality 1
a: Renounce Religion, Potion Petition, Call Merchant, Bribe Branch


You were on level 1 of the Lair of Beasts.
You worshipped Gozag.
Gozag was most pleased with you.
You visited 3 branches of the dungeon, and saw 12 of its levels.

You collected 1838 gold pieces.
You paid 111 gold pieces to Gozag.

Inventory:

Hand Weapons
 V - the +7 triple sword of Durchualu (weapon) {drain, rCorr Int-3 Dex+5}
   (You found it on level 8 of the Dungeon)

   Int:       It affects your intelligence (-3).
   Dex:       It affects your dexterity (+5).
   rCorr:     It protects you from acid and corrosion.
Missiles
 e - 11 boomerangs
 K - a throwing net
Armour
 f - a +0 leather armour
 r - a +0 pair of gloves (worn)
 E - a +0 buckler
 F - a +0 ring mail
 S - a +0 kite shield
 T - a +2 kite shield
 U - a +3 leather armour of poison resistance (worn)
Magical Staves
 Q - a staff of fire
Jewellery
 x - a +6 ring of intelligence (left hand)
 z - a ring of resist corrosion (right hand)
 G - a ring of protection from cold
 L - a +4 ring of protection
 M - a +6 ring of strength
 X - a +6 ring of intelligence
Wands
 g - a wand of digging (7)
 k - a wand of paralysis (33)
 n - a wand of iceblast (5)
 R - a wand of flame (20)
Scrolls
 c - 6 scrolls of fog
 d - a scroll of magic mapping
 i - 12 scrolls of identify
 l - 3 scrolls of noise {unknown}
 o - a scroll of vulnerability {unknown}
 s - 2 scrolls of acquirement {unknown}
 t - 2 scrolls of enchant armour {unknown}
 u - 3 scrolls of amnesia {unknown}
 w - a scroll of silence {unknown}
 y - a scroll of poison {unknown}
 J - 2 scrolls of immolation
 N - a scroll of blinking {unknown}
 O - 4 scrolls of teleportation {unknown}
 W - a scroll of butterflies {unknown}
Potions
 a - a potion of might
 m - 2 potions of brilliance {unknown}
 p - 6 potions of curing
 q - 2 potions of flight {unknown}
 v - 2 potions of heal wounds {unknown}
 A - a potion of degeneration {unknown}
 B - 2 potions of ambrosia {unknown}
 C - a potion of mutation {unknown}
 D - a potion of haste
 H - a potion of berserk rage {unknown}
 I - a potion of attraction {unknown}
 P - a potion of invisibility {unknown}
 Y - a potion of resistance {unknown}
 Z - a potion of magic {unknown}


   Skills:
 * Level 7.4 Fighting
 * Level 7.1 Long Blades
 - Level 1.5 Polearms
 - Level 2.0 Armour
 - Level 4.0 Dodging
 - Level 4.1 Stealth
 * Level 6.9 Shields
 * Level 9.0 Spellcasting
 - Level 3.0 Evocations


You had 13 spell levels left.
You knew the following spells:

 Your Spells              Type           Power      Damage    Failure   Level
a - Sting                 Tmut/Pois      100%       1d8       1%          1
b - Passwall              Tmut/Erth      33%        N/A       1%          2
c - Call Canine Familiar  Summ           40%        N/A       1%          3
d - Airstrike             Air            20%        2d(3-19)  2%          4
e - Lee's Rapid Deconstr  Erth           20%        3d12*     8%          5
Your spell library was empty.

Dungeon Overview and Level Annotations

Branches:
Dungeon (10/15)            Temple (1/1) D:7            Lair (1/5) D:8
    Orc (0/2) D:10

Altars:
Ashenzari
Cheibriados
Dithmenos
Elyvilon
Fedhas
Gozag
Hepliaklqana
Makhleb
Nemelex Xobeh
Okawaru
Qazlal
Ru
Trog
Uskayaw
Wu Jian
Xom
Yredelemnul
Zin
The Shining One

Shops:
D:8 (

Annotations:
D:9 2 transporters, Palms's ghost, novice GnEE


Innate Abilities, Weirdness & Mutations

You are immune to sickness and miasma.
You are immune to poison.
Your flesh is very heat resistant. (rF++)
You are vulnerable to cold. (rC-)
You float through the air rather than walking.
You learn spells naturally, not from books.
Your magical power is your life essence.
You have superior vitality. (+4 MHP)


Message History

The electric eel shoots out a bolt of lightning at you!
The bolt of electricity hits the plant!
The bolt of electricity hits you!
Something hits the plant.
A bullfrog comes into view.
Something hits the plant.
Something completely misses the plant.
Something hits the plant!
A black mamba comes into view.
You miss the black mamba. The black mamba barely misses you.
A bullfrog comes into view.
The black mamba bites you. The bullfrog closely misses you.
Your wolf bites the black mamba.
The black mamba bites you.
You slash the black mamba!
The black mamba is moderately wounded.
The bullfrog closely misses you. The black mamba barely misses you.
Your wolf barely misses the black mamba.
The bullfrog hits you. The black mamba bites you!
Your wolf barely misses the black mamba.
The bullfrog closely misses you.
You barely miss the black mamba.
The black mamba is moderately wounded.
The black mamba bites you!
Your wolf bites the black mamba!
The bullfrog hits you but does no damage.
The bullfrog hits you.
The black mamba bites you but does no damage.
Your wolf barely misses the black mamba.
The bullfrog closely misses you. The bullfrog barely misses you.
The black mamba bites you!
* * * LOW HITPOINT WARNING * * *
Unknown command.
Okay, then.
Unknown command.
As you read the scroll labelled SESAR JUIPSA, it crumbles to dust.
It is a scroll of identify.
p - 6 potions of curing Your wolf closely misses the black mamba.
The bullfrog hits you!
* * * LOW HITPOINT WARNING * * *
The black mamba bites you!
You die...
Your body crumbles into a pile of gold.

#....#................
#...##...........#....
#.......##...........
#.......##....#......
#.......#...[.......
#...................
#................
#........hS......
#..##...F@♣♣♣♣♣♣
#.......F♣♣ #.......♣♣
#.......♣
#........F~S≈≈~
#.....^.♣.~≈≈≈≈
##.##.##♣~~~♣~§ #.. ..
≈≈:> #. ... ≈≈≈≈≈


You could see a black mamba (ally target), 2 bullfrogs and a friendly wolf
(summoned).

Vanquished Creatures
  An ugly thing (D:10)
  A manticore (D:10)
  Joseph (D:10)
  Maurice (D:10)
  A gargoyle (D:10)
  2 wyverns
  18 yaks
  2 humans (D:8)
  Edmund (D:5)
  An acid dragon (D:10)
  2 water moccasins
  3 orc warriors
  2 ogres
  4 centaurs
  A kobold brigand (D:9)
  2 gnoll sergeants
  5 bullfrogs
  3 scorpions
  4 wights
  7 killer bees
  A howler monkey (D:5)
  2 hounds (D:5)
  5 orc priests
  A gnoll bouda (D:7)
  An iguana (D:6)
  6 orc wizards
  2 gnolls
  6 adders
  A white imp (D:6)
  3 ufetubi
  4 dart slugs
  48 orcs
  4 bats
  6 endoplasms
  3 giant cockroaches
  9 goblins
  7 hobgoblins
  4 jackals (D:1)
  18 kobolds
  3 quokkas
  8 ball pythons
  3 frilled lizards
  2 rats
209 creatures vanquished.

Vanquished Creatures (collateral kills)
  4 yaks (D:9)
  Eustachio (D:8)
  A steam dragon (D:8)
  Duvessa (D:7)
  An orc warrior (D:8)
  An ice beast (D:7)
  An ogre (D:6)
  A centaur (D:5)
  A kobold brigand (D:8)
  A bullfrog (Lair:1)
  2 gnoll sergeants
  3 wights
  Dowan (D:7)
  A killer bee (D:9)
  An orc priest (D:8)
  A jelly (D:7)
  An iguana (D:3)
  5 orc wizards
  7 gnolls
  5 orcs
  A bat (D:3)
  6 kobolds (D:8)
47 creatures vanquished.

Vanquished Creatures (others)
  A plant (Lair:1)
1 creature vanquished.

Grand Total: 257 creatures vanquished

Notes
Turn   | Place    | Note
-------+----------+-------------------------------------------
     0 | D:5      | browni3141 the Djinni Delver began the quest for the Orb.
     0 | D:5      | Reached XP level 1. HP: 20/20 MP: 0/0
   193 | D:6      | Noticed a scorpion
   401 | D:7      | Noticed a killer bee
   402 | D:7      | Noticed a killer bee
   422 | D:6      | Killed a killer bee
   423 | D:6      | Reached skill level 1 in Spellcasting
   423 | D:6      | Reached XP level 2. HP: 14/25 MP: 0/0
   423 | D:6      | Reached XP level 3. HP: 17/30 MP: 0/0
   423 | D:6      | Learned a level 1 spell: Sting
   462 | D:6      | Noticed an ogre
   485 | D:6      | Killed an ogre
   486 | D:6      | Reached skill level 2 in Spellcasting
   486 | D:6      | Reached XP level 4. HP: 31/35 MP: 0/0
   486 | D:6      | Reached XP level 5. HP: 35/40 MP: 0/0
   486 | D:6      | Learned a level 2 spell: Passwall
   779 | D:6      | Reached skill level 3 in Spellcasting
   779 | D:6      | Reached XP level 6. HP: 45/46 MP: 0/0
   810 | D:5      | Noticed an ogre
   825 | D:5      | Killed an ogre
   833 | D:5      | Reached skill level 4 in Spellcasting
   998 | D:5      | Noticed Edmund
  1121 | D:3      | Reached XP level 7. HP: 50/50 MP: 0/0
  1121 | D:3      | Learned a level 3 spell: Call Canine Familiar
  1482 | D:1      | Found a faded altar of an unknown god.
  2853 | D:3      | Reached skill level 1 in Armour
  3068 | D:3      | Noticed a water moccasin
  3084 | D:3      | Killed a water moccasin
  3085 | D:3      | Reached skill level 1 in Long Blades
  3844 | D:4      | Reached XP level 8. HP: 56/56 MP: 0/0
  4677 | D:5      | Reached skill level 1 in Shields
  4679 | D:5      | Killed Edmund
  4680 | D:5      | Reached skill level 5 in Spellcasting
  5915 | D:7      | Noticed a wyvern
  5932 | D:7      | Reached XP level 9. HP: 33/60 MP: 0/0
  5932 | D:7      | Learned a level 4 spell: Airstrike
  6177 | D:7      | Reached skill level 5 in Long Blades
  6221 | D:7      | Found a staircase to the Ecumenical Temple.
  6268 | Temple   | Entered the Ecumenical Temple
  6467 | Temple   | Became a worshipper of Gozag Ym Sagoz the Greedy
  6686 | D:7      | Reached skill level 6 in Spellcasting
  7063 | D:7      | Noticed Duvessa
  7072 | D:7      | Noticed Dowan
  7081 | D:7      | Killed Duvessa
  7084 | D:7      | Killed Dowan
  7208 | D:7      | Reached skill level 7 in Spellcasting
  7547 | D:8      | Found a staircase to the Lair.
  7714 | D:8      | Found Foklyr's Weapon Shoppe.
  7915 | D:8      | Found an iron altar of Okawaru.
  7921 | D:8      | Reached XP level 10. HP: 43/67 MP: 0/0
  7946 | D:8      | Reached skill level 8 in Spellcasting
  8147 | D:8      | Noticed Eustachio
  8820 | D:8      | Killed Eustachio
  8854 | D:8      | Identified the +7 triple sword of Durchualu {drain, rCorr
                  | Int-3 Dex+5}
  9025 | D:8      | Found a blossoming altar of Fedhas.
  9092 | D:8      | Reached skill level 5 in Fighting
  9185 | D:8      | Found an ornate altar of the Wu Jian Council.
  9192 | D:8      | Found a broken altar of Ashenzari.
  9421 | D:9      | Found a transporter.
  9452 | D:9      | Noticed a four-headed hydra
  9456 | D:9      | Noticed Palms's ghost (novice GnEE)
  9949 | D:9      | Found a transporter.
 10476 | D:9      | Reached skill level 5 in Shields
 10483 | D:9      | Reached XP level 11. HP: 53/76 MP: 0/0
 10483 | D:9      | Learned a level 5 spell: Lee's Rapid Deconstruction
 10715 | D:9      | HP: 2/78 [something (4)]
 11028 | D:10     | Entered Level 10 of the Dungeon
 11305 | D:10     | Noticed Joseph
 11783 | D:10     | Killed Joseph
 11921 | D:10     | Found a staircase to the Orcish Mines.
 12196 | D:10     | Noticed Maurice
 12204 | D:10     | Killed Maurice
 12563 | D:10     | Noticed a brown ugly thing
 12581 | D:10     | Killed a brown ugly thing
 12582 | D:10     | Reached skill level 9 in Spellcasting
 12796 | D:10     | Noticed a manticore
 12802 | D:10     | Killed a manticore
 13601 | Lair:1   | Entered Level 1 of the Lair of Beasts
 13656 | Lair:1   | Slain by a black mamba

Illustrated notes

Levels and vault maps discovered:
D:1:      minmay_arrival_radiant_lines, layout_basic, serial_aquarium,
          aquarium_bridge_square [aquarium_subvault_bridge,
          aquarium_subvault_bridge, aquarium_subvault_bridge,
          aquarium_subvault_bridge], aquarium_bridge_island_small
          [aquarium_subvault_small_open, aquarium_subvault_bridge,
          aquarium_subvault_wall, aquarium_subvault_wall,
          aquarium_subvault_bridge], aquarium_window_corner, aquarium_window_1,
          aquarium_window_corner, aquarium_window_corner, aquarium_view_2g,
          aquarium_view_2d, hellmonk_ecumenical_altar_blasted,
          minmay_tetromino_i2
D:2:      layout_rooms
D:3:      layout_basic
D:4:      layout_cave_pools, serial_glass, glass_columns_a, glass_columns_a,
          kennysheep_small_spiral, grunt_decor_one_mirror
D:5:      layout_rooms, uniq_edmund
D:6:      layout_gridville
D:7:      layout_cave_pools, minmay_temple_entry_trees, grunt_decor_fettered,
          serial_bayou_pond_b, uniq_duvessa
D:8:      layout_loops_ring, amethyst_overflow_temple_binary, okawaru_humans,
          fedhas_altar_fruit_tree, serial_shops, nicolae_take_the_stairs,
          kennysheep_decorative_pillar, sword_in_stone
D:9:      layout_grid_maze, gammafunk_ghost_arena
D:10:     layout_layer_cave, hiddenorc1_lemuel, uniq_maurice, uniq_joseph
Temple:   regret_index_temple_mists
Lair:1:   layout_hall_layers, wad_woods_river_02, lemuel_fruit_tree

Skill      XL: |  1  2  3  4  5  6  7  8  9 10 11 |
---------------+----------------------------------+-----
Spellcasting   | 1 2 3 4 5 7 8 9 |  9.0
Evocations     | 2 3 |  3.0
Armour         | 1 2 |  2.0
Long Blades    | 1 4 5 7 |  7.1
Dodging        | 3 4 |  4.0
Shields        | 3 5 6 |  6.9
Fighting       | 6 7 |  7.4
Polearms       | |  1.5
Stealth        | |  4.1

Action                     |  1- 3 |  4- 6 |  7- 9 | 10-12 || total
---------------------------+-------+-------+-------+-------++-------
  Melee: Spear             |    28 |    33 |       |       ||    61
         Hand axe          |       |     4 |   142 |       ||   146
         Long sword        |       |       |    54 |    11 ||    65
         Triple sword      |       |       |       |   131 ||   131
   Cast: Sting             |       |    17 |   194 |    51 ||   262
         Call Canine Famil |       |       |    21 |    38 ||    59
         Airstrike         |       |       |     6 |    26 ||    32
         Lee's Rapid Decon |       |       |       |    20 ||    20
  Evoke: Wand              |     7 |     2 |     4 |     2 ||    15
    Use: Scroll            |     1 |       |       |     2 ||     3
         Potion            |     1 |       |       |       ||     1
   Stab: Paralysed         |    16 |    16 |     8 |       ||    40
         Sleeping          |     1 |       |     5 |     2 ||     8
         Distracted        |       |       |       |     2 ||     2
 Armour: Leather armour    |     2 |     7 |    44 |    70 ||   123
         Ring mail         |       |       |    80 |    11 ||    91
  Dodge: Dodged            |    14 |    28 |   190 |   136 ||   368
  Block: Buckler           |       |       |    36 |       ||    36
         Kite shield       |       |       |       |    15 ||    15

Table legend: (Time is in decaauts)
 A = Elapsed time spent in this place.
 B = Non-inter-level travel time spent in this place.
 C = Inter-level travel time spent in this place.
 D = Time resting spent in this place.
 E = Time spent auto-exploring this place.
 F = Levels seen in this place.
 G = Mean time per level.
                   A        B        C        D        E       F      G
               +--------+--------+--------+--------+--------+-----+--------+
         Total |  13759 |  12738 |   1021 |   1312 |   8437 |  12 | 1146.6 |
       Dungeon |  13482 |  12520 |    962 |   1312 |   8256 |  10 | 1348.2 |
        Temple |    219 |    160 |     59 |      0 |    141 |   1 |  219.0 |
          Lair |     56 |     56 |      0 |      0 |     40 |   1 |   56.0 |
               +--------+--------+--------+--------+--------+-----+--------+

Top non-repeatable levels by time:
     D:9: 2180 daAuts
    D:10: 1965 daAuts
     D:7: 1750 daAuts
     D:8: 1720 daAuts
     D:6: 1512 daAuts
     D:1: 1234 daAuts
     D:3: 1047 daAuts
     D:5: 938 daAuts
     D:4: 698 daAuts
     D:2: 434 daAuts
  Temple: 219 daAuts
  Lair:1: 56 daAuts
